Map: Ice and Chrome LE

Players

HeroMarine - Winner!

  • Race: Terran Terran
  • League: Master
  • Spawn Location: 1:00

ShaDoWn

  • Race: Protoss Protoss
  • Spawn Location: 7:00

Event: DreamHack SC2 Masters 2020 Summer Europe

VOD

Have the link to the VOD?

Description

Time

  • Played on: July 5, 2020, 12:01 p.m.
  • Length: 10:03

All games in this series

Show
View Real Time Build Order
Export as new Build Order

HeroMarine Terran - Winner!

Build Orders: Banshee Rush 

Get SALT Encoding   

  12  0:00  SCV  
  13  0:12  SCV  
  14  0:17  Supply Depot  
  14  0:24  SCV  
  15  0:39  SCV  
  15  0:40  Barracks  
  16  0:44  Refinery  
  16  0:51  SCV  
  17  1:03  SCV  
  18  1:15  SCV  
  19  1:27  Orbital Command, Marine  
  20  1:40  Command Center  
  20  1:56  SCV  
  20  1:57  Factory  
  21  2:03  Barracks Reactor  
  21  2:08  SCV  
  22  2:12  Supply Depot  
  22  2:15  Refinery  
  22  2:20  SCV  
  23  2:34  SCV  
  24  2:42  Starport  
  24  2:46  SCV  
  24  2:47  Hellion  
  24  2:48  Hellion  
  29  2:56  Barracks Tech Lab  
  29  2:58  SCV  
  29  3:00  Orbital Command  
  29  3:10  SCV  
  30  3:14  Orbital Command  
  30  3:22  SCV  
  30  3:23  Widow Mine  
  30  3:24  Marine x2  
  30  3:26  Cloaking Field  
  35  3:27  Banshee  
  36  3:34  SCV  
  36  3:40  SCV  
  38  3:42  Supply Depot, Marine x2  
  38  3:45  Factory Tech Lab  
  40  3:50  SCV  
  40  3:52  SCV  
  42  3:59  Marine x2  
  42  4:02  SCV  
  45  4:04  SCV  
  45  4:05  Siege Tank  
  45  4:07  Supply Depot  
  49  4:14  SCV  
  49  4:15  Banshee  
  49  4:16  SCV  
  54  4:22  Marine  
  54  4:23  Marine  
  54  4:26  Supply Depot  
  54  4:29  SCV x2  
  56  4:38  Siege Tank  
  56  4:41  SCV x2, Marine  
  62  4:47  Marine  
  62  4:51  Command Center  
  64  5:00  SCV x2  
  65  5:09  Barracks x2  
  65  5:12  SCV x2, Engineering Bay  
  67  5:15  Stimpack  
  67  5:16  Marine  
  67  5:19  Refinery  
  67  5:20  Supply Depot, Refinery  
  68  5:24  SCV x2  
  68  5:26  Starport Reactor  
  70  5:38  Factory Reactor, Terran Infantry Weapons Level 1  
  70  5:41  SCV x2, Marine  
  73  5:47  Barracks  
  73  5:49  Barracks  
  73  5:54  SCV x2  
  75  5:57  Marine x2  
  75  6:02  Missile Turret  
  75  6:03  Orbital Command, Marauder  
  79  6:05  Medivac x2  
  79  6:07  Combat Shield  
  79  6:09  SCV  
  79  6:10  SCV  
  85  6:12  Marauder  
  85  6:16  Marine x2  
  89  6:22  Supply Depot x2  
  89  6:23  Widow Mine x2  
  93  6:28  Orbital Command  
  93  6:31  SCV x2  
  97  6:33  Marauder x2  
  97  6:37  Barracks Reactor, Barracks Tech Lab  
  99  6:42  Marine x2  
  99  6:44  SCV x2, Medivac  
  99  6:46  Medivac  
  107  6:50  Supply Depot  
  107  6:52  Supply Depot  
  107  6:56  SCV x2, Marauder x2  
  107  6:59  Concussive Shells  
  107  7:01  Marauder  
  112  7:04  SCV  
  112  7:08  SCV x2  
  106  7:13  Widow Mine  
  110  7:17  SCV  
  110  7:20  SCV x2, Marauder x2, Marine x2  
  119  7:29  SCV, Refinery  
  114  7:30  Refinery  
  114  7:32  SCV  
  114  7:35  Viking x2  
  117  7:39  Starport  
  117  7:41  Marauder, Marine  
  117  7:42  Marine x3  
  123  7:44  Terran Infantry Armor Level 1  
  123  7:46  Marauder  
  123  7:49  Marauder  
  127  7:55  Supply Depot x2  
  127  8:04  Marauder  
  127  8:05  Viking x2  
  133  8:07  Marine  
  133  8:11  Marine  
  133  8:13  Supply Depot  
  133  8:16  Marine x2  
  133  8:17  Marauder x2  
  139  8:21  Viking x2  
  139  8:26  Marauder  
  145  8:30  Marine x2  
  147  8:34  Marine x2  
  147  8:35  Viking x2  
  147  8:38  Marauder x2  
  155  8:47  Marauder  
  157  8:54  Viking  
  156  8:55  Viking  
  141  9:03  Marauder  
  141  9:05  Marine  
  141  9:08  Marauder, Marine x2  
  143  9:10  Marine  
  143  9:11  Marine  
  143  9:14  Liberator x2  
  150  9:18  Command Center  
  148  9:24  Medivac  
  148  9:25  Medivac, Marauder  
  148  9:29  Armory, Engineering Bay, Marauder x2, Marine  
  156  9:35  Marine  
  157  9:38  Marine  
  153  9:47  Supply Depot  
  153  9:48  Supply Depot  
Show
View Real Time Build Order
Export as new Build Order

ShaDoWn Protoss 

Build Orders: 1 Gate Expand, Blink Stalkers, Colossus Rush 

Get SALT Encoding   

  12  0:00  Probe  
  13  0:13  Probe  
  14  0:16  Pylon  
  14  0:25  Probe  
  15  0:33  Probe  
  15  0:34  Gateway  
  15  0:41  Probe, Assimilator  
  17  0:51  Probe  
  18  1:03  Probe  
  19  1:15  Probe  
  20  1:21  Cybernetics Core  
  20  1:31  Nexus  
  20  1:38  Pylon  
  20  1:40  Probe  
  20  1:45  Assimilator  
  21  1:47  Adept  
  20  1:54  Probe  
  20  1:58  Warp Gate  
  23  2:06  Probe  
  23  2:07  Stalker  
  24  2:19  Probe  
  27  2:31  Probe, Twilight Council  
  28  2:39  Probe  
  28  2:40  Stalker  
  28  2:43  Probe  
  32  2:48  Probe  
  32  2:55  Probe  
  32  2:58  Probe  
  35  3:07  Probe  
  35  3:10  Probe, Blink  
  37  3:19  Probe  
  38  3:22  Probe  
  39  3:27  Gateway  
  39  3:29  Robotics Facility  
  39  3:31  Probe  
  40  3:34  Probe  
  40  3:37  Pylon  
  41  3:43  Probe  
  41  3:45  Assimilator  
  41  3:46  Probe  
  41  3:47  Assimilator  
  43  3:50  Sentry  
  43  3:53  Pylon  
  45  3:55  Probe  
  45  3:58  Probe  
  47  4:07  Probe x2  
  47  4:09  Phoenix  
  48  4:15  Probe  
  49  4:20  Probe  
  50  4:24  Observer  
  50  4:25  Probe  
  50  4:26  Robotics Bay  
  50  4:28  Nexus  
  52  4:31  Pylon  
  52  4:32  Probe  
  52  4:38  Probe  
  54  4:45  Probe  
  59  4:47  Observer  
  59  4:50  Pylon  
  59  4:52  Probe  
  55  4:55  Stalker x2  
  55  4:58  Probe  
  55  4:59  Colossus  
  56  5:04  Probe  
  57  5:10  Probe  
  57  5:11  Shield Battery  
  64  5:31  Probe  
  65  5:35  Shield Battery  
  65  5:36  Zealot x2  
  65  5:37  Charge  
  65  5:39  Colossus  
  65  5:42  Probe x2  
  75  5:58  Stalker, Gateway  
  75  5:59  Probe  
  75  6:03  Probe, Stalker  
  80  6:04  Probe  
  82  6:11  Probe  
  82  6:12  Probe  
  82  6:16  Probe  
  85  6:19  Probe  
  85  6:23  Forge  
  85  6:24  Probe  
  85  6:25  Sentry  
  89  6:26  Sentry  
  89  6:28  Probe  
  89  6:29  Pylon  
  89  6:31  Probe, Pylon  
  93  6:46  Colossus  
  93  6:47  Gateway  
  93  6:48  Gateway  
  93  6:50  Probe  
  93  6:53  Stalker  
  103  6:55  Stalker  
  104  7:03  Protoss Ground Weapons Level 1  
  102  7:11  Shield Battery, Pylon  
  102  7:15  Probe x3  
  102  7:27  Probe  
  102  7:29  Probe  
  101  7:31  Probe, Assimilator x2  
  101  7:32  Stalker x2  
  101  7:35  Extended Thermal Lance  
  106  7:39  Forge  
  106  7:48  Gateway  
  106  7:50  Probe  
  107  7:52  Gateway  
  107  7:53  Nexus  
  107  7:57  Probe x2, Pylon, Gateway  
  109  8:02  Probe  
  110  8:08  Observer  
  110  8:09  Probe x2  
  110  8:11  Templar Archives  
  112  8:14  Probe  
  112  8:19  Disruptor  
  115  8:21  Probe  
  115  8:22  Robotics Facility  
  116  8:27  Stalker x3  
  116  8:33  Stalker  
  124  8:42  Probe  
  125  8:49  Pylon  
  125  8:51  Dark Shrine  
  125  8:54  Pylon  
  125  8:56  Probe, Disruptor  
  103  9:04  Stalker x6  
  113  9:14  Stalker x2  
  108  9:27  Zealot x2  
  108  9:28  Zealot x4  
  113  9:38  Zealot x2  
  106  9:48  Zealot x5  
  106  9:51  Zealot  
Tags
 
Add a new tag
Caveats
  • Supply blocks, unpowered buildings, or Contaminate may cause inaccurate times.
  • Supply counts are checked every 10 seconds.